 Dungeon Crawl Stone Soup version 0.29.1-1-gd02db6906a (webtiles) character file.

Game seed: 15592479971269775310

333 corgi the Shooter (level 6, 37/37 HPs)
             Began as a Kobold Arcane Marksman on Oct 9, 2022.
             Quit the game on level 3 of the Dungeon.
             The game lasted 00:15:46 (3586 turns).

corgi the Shooter (Kobold Arcane Marksman)          Turns: 3586, Time: 00:15:47

Health: 37/37      AC:  3    Str:  8    XL:     6   Next: 82%
Magic:  6/6        EV: 16    Int: 12    God:
Gold:   136        SH:  0    Dex: 17    Spells: 6/7 levels left

rFire   + + .      SeeInvis .   a - +1 sling (venom)
rCold   . . .      Faith    .   (no shield)
rNeg    . . .      Spirit   .   c - +1 robe
rPois   .          Reflect  .   (no helmet)
rElec   .          Harm     .   (no cloak)
rCorr   .          Rampage  .   (no gloves)
Will    .....                   (no boots)
Stlth   ++++......              (no amulet)
HPRegen 0.12/turn               s - ring of protection from fire
MPRegen 0.10/turn               (no ring)

@: no status effects
A: small, no large weapons, nightstalker 3, deterioration 1, dopey 1, fire
resistance 1, low MP 1
a: no special abilities


You were on level 3 of the Dungeon.
You visited 1 branch of the dungeon, and saw 3 of its levels.

You collected 136 gold pieces.

Inventory:

Hand Weapons
 a - a +1 sling of venom (weapon)
 e - a +0 dagger
 h - a +0 hand axe
Armour
 c - a +1 robe (worn)
 i - a +0 troll leather armour {Pargi}
Jewellery
 f - a ring of see invisible
 s - a ring of protection from fire (left hand)
Scrolls
 b - a scroll of poison
 d - a scroll of enchant armour
 j - a scroll of identify
 k - a scroll of fog {unknown}
 p - a scroll of silence
Potions
 g - 2 potions of heal wounds


   Skills:
 + Level 3.5 Fighting
 + Level 5.0 Ranged Weapons
 + Level 4.4 Dodging
 + Level 4.3 Stealth
 - Level 1.1 Spellcasting
 - Level 3.0 Hexes


You had 6 spell levels left.
You knew the following spells:

 Your Spells              Type           Power      Damage    Failure   Level
a - Slow                  Hex            28%        N/A       9%          1

Your spell library contained the following spells:

 Spells                   Type           Power      Damage    Failure   Level
 Tukima's Dance           Hex            7%         N/A       26%         3
 Sublimation of Blood     Necr           0%         N/A       41%         2
 Wereblood                Tmut           0%         N/A       41%         2
 Inner Flame              Hex/Fire       4%         N/A       43%         3
 Portal Projectile        Hex/Tloc       8%         N/A       43%         3
 Cause Fear               Hex            3%         N/A       65%         4
 Passage of Golubria      Tloc           0%         N/A       96%         4
 Yara's Violent Unravell  Hex/Tmut       2%         3d3       99%         5
 Malign Gateway           Summ/Tloc      0%         N/A       100%        7
 Summon Hydra             Summ           0%         N/A       100%        7
 Summon Horrible Things   Summ           0%         N/A       100%        8


Dungeon Overview and Level Annotations

Branches:
Dungeon (3/15)

Altars:
Ru

Annotations:
D:2 Robin


Innate Abilities, Weirdness & Mutations

You are small and have problems with some larger weapons.
You are completely attuned to the shadows.
Your body sometimes deteriorates upon taking damage.
You are dopey. (Int -2)
Your flesh is heat resistant. (rF+)
Your magical capacity is low. (-10% MP)


Message History

You shoot a sling bullet. The sling bullet barely misses Pargi.
Fire: a) +1 sling (venom)
Press: ? - help, Q - select action, (/) - cycle Shift-Dir - straight line, f/p - Pargi
Aim: Pargi (almost dead, extremely poisoned, slow, 55% to hit)
You shoot a sling bullet. The sling bullet hits Pargi.
You kill Pargi!
The troll leather armour {Pargi} is intact enough to wear.
Your Ranged Weapons skill increases to level 5!
Your Stealth skill increases to level 4!
You start resting.
Magic restored.
Things that are here:
a +0 troll leather armour {Pargi}; the troll corpse of Pargi
i - a +0 troll leather armour {Pargi}
j - a scroll of identify You see here a +0 short sword.
You open the door.
There is an open door here.
Really walk into that teleport trap?
Okay, then.
You open the door.
There is an open door here.
Found a scroll labelled HAETUILUTI.
Found a stone staircase leading up.
k - a scroll labelled HAETUILUTI
As you read the scroll labelled HAETUILUTI, it crumbles to dust.
Magic quickly surges around you.
It was a scroll of vulnerability.
You start waiting.
You feel your willpower return.
Found a leather armour.
You now have 136 gold pieces (gained 12).
As you open the door, it creaks loudly!
There is an open door here.
There is an open door here.
k - a scroll labelled BEYMEY TEZA You open the door.
A gnoll and 2 hounds come into view.
You close the door.
There is an open door here.
You close the door.
Are you sure you want to abandon this character and quit the game? (Confirm with "yes".)

#..#.........## #..#.###.##...##
########## +#+#P.......#.....#
#........# .h.+....######...##
##.######.#
g..#P.#.######..######.........#
.h #..#........................#
####..#########.######..#####..#
#.#### ##+## #..# #..# ###.####
##.@.## #..# #..# .......#
##.....## #..# #..# .##.##.##
##.......###..#####.##
.##.#...####....^....##........##
...........'.........+...........
.##.#...####.........##.......###
)##.##.## ##.......###....<..# #
.##.##.# ##.....## #.......# #
.......# ##...## #.......# #


There were no monsters in sight!

Vanquished Creatures
  Pargi (D:3)
  A jelly (D:2)
  2 orc priests (D:3)
  Jessica (D:3)
  Natasha (twice) (D:3)
  2 adders
  A dart slug (D:1)
  3 orcs (D:3)
  10 endoplasms
  7 goblins
  3 hobgoblins
  9 kobolds
  2 ball pythons
  2 bats
  2 frilled lizards
  2 rats (D:1)
50 creatures vanquished.

Vanquished Creatures (others)
  13 fungi (D:2)
  14 toadstools (D:2)
27 creatures vanquished.

Grand Total: 77 creatures vanquished

Notes
Turn   | Place    | Note
-------+----------+-------------------------------------------
     0 | D:1      | corgi the Kobold Arcane Marksman began the quest for the
                  | Orb.
     0 | D:1      | Reached XP level 1. HP: 12/12 MP: 2/2
   443 | D:1      | Reached XP level 2. HP: 16/16 MP: 3/3
   536 | D:1      | Reached skill level 3 in Ranged Weapons
   536 | D:1      | Reached skill level 1 in Stealth
   939 | D:2      | Reached XP level 3. HP: 17/21 MP: 4/4
  1198 | D:2      | Reached XP level 4. HP: 26/26 MP: 5/5
  1409 | D:2      | Noticed Robin
  1641 | D:2      | Found a faded altar of an unknown god.
  1646 | D:2      | Prayed at the altar of an unknown god.
  1646 | D:2      | Became a worshipper of Ru the Awakened
  1661 | D:1      | Fell from the grace of Ru
  2326 | D:3      | Noticed Jessica
  2350 | D:3      | Killed Jessica
  2351 | D:3      | Reached skill level 4 in Ranged Weapons
  2351 | D:3      | Reached XP level 5. HP: 11/31 MP: 4/6
  2551 | D:3      | Gained mutation: Your magical capacity is low. (-10% MP)
                  | [potion of mutation]
  2551 | D:3      | Gained mutation: You are dopey. (Int -2) [potion of
                  | mutation]
  2551 | D:3      | Gained mutation: Your body sometimes deteriorates upon
                  | taking damage. [potion of mutation]
  2551 | D:3      | Gained mutation: Your flesh is heat resistant. (rF+)
                  | [potion of mutation]
  2986 | D:3      | Noticed Natasha
  2998 | D:3      | Killed Natasha
  2999 | D:3      | Reached XP level 6. HP: 17/37 MP: 1/6
  3029 | D:3      | Noticed Natasha
  3035 | D:3      | Killed Natasha
  3308 | D:3      | Noticed Pargi
  3329 | D:3      | Killed Pargi
  3330 | D:3      | Reached skill level 5 in Ranged Weapons
  3586 | D:3      | Quit the game

Illustrated notes

Levels and vault maps discovered:
D:1:      eino_arrival_tree_alley, layout_basic, kennysheep_minor_cross,
          dk_noncrumbling_3, nrook_mini_backslash
D:2:      cheibrodos_fertilizer, layout_loops_cross,
          nicolae_ecumenical_oubliette, minmay_gold_behind_fungi,
          kennysheep_doodads, eino_tiny_chamber, fountainhead,
          grunt_decor_fettered, uniq_robin
D:3:      layout_loops_corners, cheibrodos_gnoll_hut, uniq_pargi, uniq_natasha,
          uniq_jessica

Skill      XL: |  1  2  3  4  5  6 |
---------------+-------------------+-----
Ranged Weapons | 3 4 5 |  5.0
Stealth        | 1 2 3 4 |  4.3
Dodging        | 3 4 |  4.4
Fighting       | 2 3 |  3.5
Spellcasting   | |  1.1
Hexes          | |  3.0

Action                   |  1- 3 |  4- 6 || total
-------------------------+-------+-------++-------
 Fire: Sling             |    50 |    94 ||   144
 Cast: Slow              |     2 |    19 ||    21
Invok: Renounce Religion |       |     1 ||     1
  Use: Potion            |       |     8 ||     8
       Scroll            |       |     7 ||     7
Armor: Robe              |     2 |     6 ||     8
Dodge: Dodged            |    13 |    57 ||    70
